 Dungeon Crawl Stone Soup version 0.17.0-8-gb983d21 (console) character file.

140 Kloppie the Covered (level 5, -2/34 HPs)
             Began as a Gargoyle Fighter on Nov 9, 2015.
             Killed from afar by an orc wizard (7 damage)
             ... with a magic dart
             ... on level 2 of the Dungeon.
             The game lasted 00:05:06 (1611 turns).

Kloppie the Covered (Gargoyle Fighter)              Turns: 1611, Time: 00:05:06

Health: -2/34      AC: 11    Str: 25    XL:     5   Next: 23%
Magic:  5/5        EV:  7    Int:  9    God:
Gold:   114        SH:  9    Dex:  9    Spells: 0 memorised, 4 levels left

rFire  . . .     SeeInvis .     a - +0 flail
rCold  . . .     Clarity  .     b - +0 scale mail
rNeg   + . .     SustAt   .     c - +0 shield
rPois  ∞         Gourm    .     (no helmet)
rElec  +         Spirit   .     (no cloak)
rCorr  .         Warding  .     (no gloves)
rMut   .         Stasis   .     (no boots)
MR     .....                    (no amulet)
Stlth  ..........               (no ring)
                                (no ring)

@: mighty, slowed, very slow, not resistant to hostile enchantments, extremely
unstealthy
A: negative energy resistance 1, electricity resistance, unbreathing,
petrification resistance, rot immunity, AC +4
a: no special abilities


You were on level 2 of the Dungeon.
You were not hungry.

You visited 1 branch of the dungeon, and saw 3 of its levels.

You collected 114 gold pieces.

Inventory:

Hand Weapons
 a - a +0 flail (weapon)
Missiles
 q - 11 poisoned needles
Armour
 b - a +0 scale mail (worn)
 c - a +0 shield (worn)
Jewellery
 k - an uncursed amulet of rage {unknown}
 r - a cursed ring of protection from fire {unknown}
Scrolls
 h - a scroll of teleportation {unknown}
 j - a scroll of recharging {unknown}
 l - 5 scrolls of identify {unknown}
 m - a scroll of remove curse {unknown}
Potions
 d - a potion of might
 f - a potion of brilliance {unknown}
 g - a potion of curing {unknown}
 n - a potion of resistance {unknown}
 p - a potion of agility {unknown}
 t - a potion of cure mutation {unknown}
Comestibles
 e - 2 bread rations
 i - 2 meat rations
 o - 2 beef jerkies
 s - 5 chunks of flesh
 u - 4 fruits


   Skills:
 + Level 4.4 Fighting
 + Level 3.3 Maces & Flails
 + Level 4.5 Armour
 - Level 3.2 Shields


You had 4 spell levels left.
You didn't know any spells.

Dungeon Overview and Level Annotations

Branches:
Dungeon (3/15)

Altars:
Fedhas


Innate Abilities, Weirdness & Mutations

You are resistant to torment.
Your stone body is resilient (AC +4).
You are immune to poison.
You resist negative energy.
You are resistant to electric shocks.
You can survive without breathing.
You are immune to petrification.
You are immune to rotting.


Message History

You feel very mighty all of a sudden. You block the orc wizard's attack.
The orc hits you but does no damage.
The orc wizard gestures at you while chanting.
You resist with some effort. The orc hits you but does no damage.
The orc wizard hits you but does no damage.
The orc hits you but does no damage.
There is a stone staircase leading down here.
You miss the orc wizard.
The orc wizard is heavily wounded.
You block the orc wizard's attack. The orc hits you but does no damage.
The orc wizard hits you but does no damage. x2
The orc hits you but does no damage.
You barely miss the orc wizard.
The orc wizard is heavily wounded.
The orc wizard hits you but does no damage. x2
The orc hits you with a whip.
* * * LOW HITPOINT WARNING * * *
The orc wizard gestures at you while chanting.
The magic dart hits you!
You die...

..###..[......#.....####.......#
..#....##..#..#####......##.<###
###..#.###.#.....)..####.#####
#...##.....#...###### #.#
..#.#####........# ###.# ....#
#....[...# #...# ..#####
#........# ###.###
......####..##...###...#
#..##.........##@o...###
...########....[o...## ##.#
#.(((.##.####.## ##.#
#.######..###..### ##.# #.#
##..###...### ##.####.#
##..####...# ##....#.#
##.######.#
#####.#.#########...#
##.########
................###.#
#).....#...


You could see an orc wizard and an orc.

Vanquished Creatures
  An orc wizard (D:2)
  5 adders
  2 giant geckos
  4 orcs
  4 ball pythons
  7 bats
  5 giant cockroaches
  5 goblins
  9 hobgoblins
  9 kobolds
  3 giant newts
  9 rats
63 creatures vanquished.

Notes
Turn   | Place    | Note
--------------------------------------------------------------
     0 | D:1      | Kloppie the Gargoyle Fighter began the quest for the Orb.
     0 | D:1      | Reached XP level 1. HP: 14/14 MP: 1/1
   224 | D:1      | Reached XP level 2. HP: 19/19 MP: 2/2
   588 | D:1      | Reached XP level 3. HP: 23/23 MP: 3/3
   897 | D:2      | Found a blossoming altar of Fedhas.
   929 | D:2      | Reached skill level 4 in Armour
  1101 | D:2      | Reached XP level 4. HP: 27/29 MP: 4/4
  1573 | D:2      | Reached XP level 5. HP: 28/34 MP: 5/5
  1611 | D:2      | Killed from afar by an orc wizard

Action                   |  1- 3 |  4- 6 || total
-------------------------+-------+-------++-------
Melee: Flail             |   174 |   133 ||   307
  Use: Potion            |       |     1 ||     1
  Eat: Chunk             |     1 |     2 ||     3
